 Dungeon Crawl Stone Soup version 0.31-a0-175-g9f7f995f2b (webtiles) character file.

Game seed: 4977866411690994027

167 qw the Shooter (level 5, -2/32 HPs)
             Began as a Gargoyle Hunter on June 17, 2023.
             Slain by a goblin
             ... wielding a +0 club
             ... led by Robin
              (5 damage)
             ... on level 4 of the Dungeon.
             The game lasted 00:01:01 (3247 turns).

qw the Shooter (Gargoyle Hunter)                    Turns: 3247, Time: 00:01:02

Health: -2/32      AC: 10    Str: 21    XL:     5   Next: 48%
Magic:  5/5        EV: 11    Int:  9    God:
Gold:   162        SH:  0    Dex: 20    Spells: 4/4 levels left

rFire   . . .        Y - +0 shortbow
rCold   x . .        (shield currently unavailable)
rNeg    + . .        a - +0 ring mail
rPois   inf          f - +0 helmet
rElec   +            (no cloak)
rCorr   .            (no gloves)
SInv    .            (no boots)
Will    .....        h - amulet of faith
Stlth   +            c - ring of the Invisible Hand {+Blink Fly rC- Str+6 Dex+5}
HPRegen 0.25/turn    (no ring)
MPRegen 0.09/turn

%: faith
@: flying
A: sickness immunity, AC +4, negative energy resistance 1, electricity
resistance, torment resistance 1, petrification resistance
a: Evoke Blink


You were on level 4 of the Dungeon.
You visited 1 branch of the dungeon, and saw 4 of its levels.

You collected 162 gold pieces.


Innate Abilities, Weirdness & Mutations

You are immune to sickness and miasma.
Your stone body is resilient. (AC +4)
You are immune to poison.
You resist negative energy. (rN+)
You are resistant to electric shocks. (rElec)
You are resistant to unholy torment.
You are immune to petrification.


   Skills:
 + Level 3.3 Fighting
 - Level 6.0 Ranged Weapons
 - Level 1.2 Armour
 - Level 1.5 Dodging
 - Level 1.1 Stealth


You had 4 spell levels left.
You didn't know any spells.
Your spell library was empty.

Inventory:

Hand Weapons
 Y - a +0 shortbow (weapon)
Armour
 a - a +0 ring mail (worn)
 f - a +0 helmet (worn)
Jewellery
 c - the ring of the Invisible Hand (left hand) {+Blink Fly rC- Str+6 Dex+5}
   (You acquired it on level 3 of the Dungeon)

   [ring of strength]

   Str:       It affects your strength (+6).
   Dex:       It affects your dexterity (+5).
   rC:        It makes you vulnerable to cold.
   Fly:       It grants you flight.
   +Blink:    It lets you blink.
 h - an amulet of faith (around neck)
Scrolls
 e - a scroll of identify
Potions
 b - 2 potions of might
 d - a potion of curing
 i - a potion of haste

Dungeon Overview and Level Annotations

Branches:
Dungeon (4/15)
 Temple: D:4-7

Altars:
Ru

Annotations:
D:3 3 runed translucent doors, qw's ghost, amateur GrHu
D:4 Robin


Message History

You shoot an arrow. The arrow closely misses the goblin.
The arrow hits the hobgoblin but does no damage.
The hobgoblin is heavily wounded.
The goblin no longer looks unusually strong. x2
The goblin hits you but does no damage.
Robin roars a battlecry!
The goblins go into a battle-frenzy!
You shoot an arrow. The arrow hits the goblin.
You kill the goblin!
The goblin hits you but does no damage.
You shoot an arrow. The arrow hits the hobgoblin.
The hobgoblin is almost dead.
The goblin hits you but does no damage. The goblin closely misses you.
The hobgoblin hits you.
You shoot an arrow. The arrow barely misses the hobgoblin.
The goblin barely misses you. x2; The hobgoblin hits you.
You shoot an arrow. The arrow hits the hobgoblin.
You kill the hobgoblin!
The goblin hits you with a +0 club. The goblin hits you but does no damage.
You shoot an arrow. The arrow closely misses the hobgoblin.
The goblin closely misses you. The goblin hits you but does no damage.
The hobgoblin hits you but does no damage.
The goblin hits you with a +0 club. The hobgoblin closely misses you.
The goblin hits you with a +0 dagger.
You shoot an arrow. The arrow closely misses the hobgoblin.
The goblin no longer looks unusually strong.
The goblin hits you with a +0 dagger. The goblin hits you with a +0 club.
The hobgoblin hits you but does no damage.
You shoot an arrow. The arrow closely misses the hobgoblin.
The hobgoblin no longer looks unusually strong.
The goblin hits you but does no damage. x2; The hobgoblin barely misses you.
You shoot an arrow. The arrow barely misses the hobgoblin.
The goblin barely misses you. The goblin misses you.
The hobgoblin hits you but does no damage.
Robin roars a battlecry!
The goblins go into a battle-frenzy!
You shoot an arrow. The arrow hits the hobgoblin.
You kill the hobgoblin!
The goblin hits you but does no damage. The goblin hits you with a +0 club.
You die...

##..##
#.###
##..##
###.#
##..##
#.###
##..#####
#.....g##
######@g#
##)# .)#
....
....!
.......
.......
......)


You could see 2 goblins.

Vanquished Creatures
  An orc wizard (D:4)
  6 adders
  A worm (D:2)
  2 dart slugs
  9 orcs
  2 ball pythons
  3 bats
  4 endoplasms
  A giant cockroach (D:2)
  10 goblins
  8 hobgoblins
  7 jackals (D:1)
  4 kobolds
  2 quokkas (D:2)
  3 frilled lizards
  5 rats
68 creatures vanquished.

Notes
Turn   | Place    | Note
-------+----------+-------------------------------------------
     0 | D:1      | qw the Gargoyle Hunter began the quest for the Orb.
     0 | D:1      | Reached XP level 1. HP: 12/12 MP: 1/1
     0 | D:1      | 0 ||| qw: Version: 0.3-a-2-g5ab2908
     0 | D:1      | 0 ||| qw: Game counter: 126
     0 | D:1      | 0 ||| qw: Always use a shield: true
     0 | D:1      | 0 ||| qw: God list: Okawaru
     0 | D:1      | 0 ||| qw: Allow faded altars: false
     0 | D:1      | 0 ||| qw: Do Orc after D:15 true
     0 | D:1      | 0 ||| qw: Do second Lair branch before Depths: true
     0 | D:1      | 0 ||| qw: Lair rune preference: random
     0 | D:1      | 0 ||| qw: Plans: Normal, Zot:1-4, Slime:5, God:TSO, Crypt,
                  | Tomb, Abyss, Pan, Hells, Win
     0 | D:1      | 0 ||| PLANNING D:1-11
    50 | D:1      | Found a faded altar of an unknown god.
   136 | D:1      | Reached XP level 2. HP: 9/17 MP: 2/2
   767 | D:1      | Reached XP level 3. HP: 21/21 MP: 3/3
   841 | D:1      | 841 ||| FLEEEEING.
   849 | D:1      | Reached skill level 5 in Ranged Weapons
   898 | D:1      | 898 ||| UPGRADING to +0 helmet.
   903 | D:1      | 903 ||| UPGRADING to amulet of faith.
   908 | D:1      | 908 ||| READING scroll labelled CUAS CUL QED.
   913 | D:1      | 913 ||| READING 2 scrolls labelled INUQAN NAI.
   914 | D:1      | 914 ||| READING scroll labelled WEAT CAUSEULAE.
   915 | D:1      | 915 ||| DROPPING scroll of butterflies.
  1304 | D:2      | HP: 4/22 [worm (4)]
  1306 | D:2      | Reached skill level 3 in Fighting
  1920 | D:2      | Reached XP level 4. HP: 27/28 MP: 4/4
  1974 | D:2      | 1974 ||| UPGRADING to +0 ring mail.
  1984 | D:2      | 1984 ||| DROPPING +0 leather armour.
  1985 | D:2      | 1985 ||| READING scroll labelled NETOAKYCIT.
  1986 | D:2      | 1986 ||| READING scroll labelled JUUMNOEPIW.
  1987 | D:2      | 1987 ||| READING 4 scrolls of identify.
  1987 | D:2      | 1987 ||| IDENTIFYING sedimented blue potion
  1988 | D:2      | 1988 ||| DROPPING potion of brilliance.
  2343 | D:3      | Reached skill level 1 in Armour
  2346 | D:3      | Found a sacrificial altar of Ru.
  2503 | D:3      | Found a runed translucent gate.
  2504 | D:3      | Found a runed translucent gate.
  2505 | D:3      | Identified the +3 ring mail of the Telling Gods {Str+3}
  2506 | D:3      | Found a runed translucent gate.
  2507 | D:3      | Noticed qw's ghost (amateur GrHu)
  3072 | D:3      | 3072 ||| READING scroll labelled ACKING NEKHLU.
  3072 | D:3      | Identified a scroll of acquirement
  3072 | D:3      | 3072 ||| ACQUIRING ring of the Invisible Hand {+Blink Fly
                  | rC- Str+6 Dex+5}
  3072 | D:3      | Acquired the ring of the Invisible Hand {+Blink Fly rC-
                  | Str+6 Dex+5}
  3074 | D:3      | 3074 ||| UPGRADING to ring of the Invisible Hand {+Blink
                  | Fly rC- Str+6 Dex+5}.
  3075 | D:3      | 3075 ||| READING scroll labelled MOYPON TUAZO.
  3076 | D:3      | 3076 ||| DRINKING 3 silvery potions.
  3077 | D:3      | 3077 ||| READING 3 scrolls of identify.
  3077 | D:3      | 3077 ||| IDENTIFYING purple potion
  3078 | D:3      | 3078 ||| READING 2 scrolls of identify.
  3078 | D:3      | 3078 ||| IDENTIFYING bubbling silvery potion
  3096 | D:4      | Reached XP level 5. HP: 32/32 MP: 5/5
  3107 | D:4      | 3107 ||| STAIRDANCE
  3227 | D:4      | Noticed Robin
  3228 | D:4      | Reached skill level 6 in Ranged Weapons
  3243 | D:4      | HP: 8/32 [goblin/+0 club[Robin] (4)]
  3244 | D:4      | HP: 2/32 [goblin/+0 club[Robin] (4)]
  3247 | D:4      | Slain by a goblin

Levels and vault maps discovered:
D:1:      minmay_arrival_nine_rooms, layout_loops_corners, serial_forest,
          infiniplex_forest_side_room, infiniplex_forest_clump_cross,
          infiniplex_forest_clump_tiny, infiniplex_forest_clump_curved,
          infiniplex_forest_end_3, infiniplex_forest_straight_2,
          infiniplex_forest_zigzag_2, ebering_ecumenical_altar_webs,
          minmay_misc_feat_tower
D:2:      layout_basic, chequers_serial_rivers_micro_d, corexii_hall_statues_l
D:3:      layout_basic, lemuel_tele_altar, biasface_ghost_orc_armoury,
          hangedman_decor_diamond_cutter, supply_closet_lemuel
D:4:      layout_rooms, mainiacjoe_overflow_chevrons, grunt_decor_resistance,
          nicolae_titane, uniq_natasha, uniq_blork_the_orc, uniq_ijyb,
          uniq_robin

Skill      XL: |  1  2  3  4  5 |
---------------+----------------+-----
Ranged Weapons | 5 6 |  6.0
Fighting       | 3 |  3.3
Armour         | 1 |  1.2
Dodging        | |  1.5
Stealth        | |  1.1

Action                     |  1- 3 |  4- 6 || total
---------------------------+-------+-------++-------
   Fire: Shortbow          |   125 |   116 ||   241
    Use: Scroll            |     3 |     7 ||    10
         Potion            |       |     1 ||     1
 Armour: Leather armour    |    32 |       ||    32
         Ring mail         |       |    53 ||    53
  Dodge: Dodged            |    46 |    55 ||   101

Table legend:
 A = Non-vault XP
 B = Vault XP
 C = Vault XP percentage of total XP
 D = Non-vault monster count
 E = Vault monster count
 F = Vault count percentage of total count
                 A         B        C        D         E       F
            +---------+---------+-------+---------+---------+-------
      Total |     225 |      16 |   6.6 |      60 |       8 |  11.8
            +---------+---------+-------+---------+---------+-------
        D:1 |      41 |       0 |   0.0 |      22 |       0 |   0.0
        D:2 |      54 |       0 |   0.0 |      14 |       0 |   0.0
        D:3 |      72 |       0 |   0.0 |      18 |       0 |   0.0
        D:4 |      58 |      16 |  21.6 |       6 |       8 |  57.1
            +---------+---------+-------+---------+---------+-------
